 Dungeon Crawl Stone Soup version 0.29.1-15-g9cfb28693d (webtiles) character file.

Game seed: 10155089849935617815

28 promet the Magician (level 2, 0/16 HPs)
             Began as a Deep Elf Hedge Wizard on Mar 8, 2023.
             Shot with a sling bullet by a goblin (2 damage)
             ... on level 2 of the Dungeon.
             The game lasted 00:05:07 (1073 turns).

promet the Magician (Deep Elf Hedge Wizard)         Turns: 1073, Time: 00:05:08

Health: 0/16       AC:  4    Str:  7    XL:     2   Next: 96%
Magic:  0/10       EV: 12    Int: 18    God:
Gold:   84         SH:  0    Dex: 14    Spells: 6/11 levels left

rFire   . . .      SeeInvis .   a - +0 dagger
rCold   . . .      Faith    .   (no shield)
rNeg    . . .      Spirit   .   b - +0 robe
rPois   .          Reflect  .   c - +0 hat
rElec   .          Harm     .   g - +0 cloak
rCorr   .          Rampage  .   l - +0 pair of gloves
Will    .....                   (no boots)
Stlth   ++........              (no amulet)
HPRegen 0.05/turn               (no ring)
MPRegen 0.12/turn               (no ring)

@: no status effects
A: no striking features
a: no special abilities


You were on level 2 of the Dungeon.
You visited 1 branch of the dungeon, and saw 2 of its levels.

You collected 84 gold pieces.

Inventory:

Hand Weapons
 a - a +0 dagger (weapon)
Missiles
 h - 6 poisoned darts
 j - 4 stones
Armour
 b - a +0 robe (worn)
 c - a +0 hat (worn)
 g - a +0 cloak (worn)
 l - a +0 pair of gloves (worn)
Scrolls
 e - 2 scrolls of teleportation
 f - 2 scrolls of identify
 i - a scroll of brand weapon {unknown}
Potions
 d - a potion of magic
 k - 2 potions of attraction


   Skills:
 * Level 1.0 Fighting
 + Level 0.4 Short Blades
 + Level 2.5 Dodging
 + Level 2.8 Stealth
 + Level 5.0 Spellcasting
 + Level 1.2 Conjurations
 + Level 1.1 Summonings
 + Level 1.1 Translocations


You had 6 spell levels left.
You knew the following spells:

 Your Spells              Type           Power      Damage    Failure   Level
a - Magic Dart            Conj           36%        1d4       8%          1
b - Blink                 Tloc           16%        N/A       13%         2
c - Call Imp              Summ           8%         N/A       13%         2

Your spell library contained the following spells:

 Spells                   Type           Power      Damage    Failure   Level
 Apportation              Tloc           16%        N/A       9%          1
 Summon Small Mammal      Summ           32%        N/A       9%          1
 Necrotise                Necr           16%        1d4       13%         1
 Slow                     Hex            16%        N/A       13%         1
 Conjure Flame            Conj/Fire      6%         6-21      30%         3
 Mephitic Cloud           Conj/Pois/Air  6%         N/A       32%         3
 Manifold Assault         Tloc           8%         N/A       93%         5
 Storm Form               Tmut/Air       2%         N/A       100%        7


Dungeon Overview and Level Annotations

Branches:
Dungeon (2/15)

Altars:


Message History

Aiming: Magic Dart (safe; 9% risk of failure)
Press: ? - help, Shift-Dir - straight line, f/p - gnoll
Aim: a gnoll, wielding a +0 club (severely wounded, ally target, 100% to hit)
The magic dart hits the gnoll.
The gnoll is almost dead.
Your crimson imp barely misses the gnoll.
Casting: Magic Dart (safe; 9% risk of failure)
Confirm with . or Enter, or press ? or * to list all spells.
Aiming: Magic Dart (safe; 9% risk of failure)
Press: ? - help, Shift-Dir - straight line, f/p - gnoll
Aim: a gnoll, wielding a +0 club (almost dead, ally target, 100% to hit)
The magic dart hits the gnoll.
You kill the gnoll!
The goblin unwields a +0 club.
The goblin wields a +0 sling.
The goblin shoots a sling bullet.
The sling bullet closely misses you.
Your crimson imp barely misses the goblin.
Your Fighting skill increases to level 1!
Your Spellcasting skill increases to level 5!
Casting: Magic Dart (safe; 8% risk of failure)
Confirm with . or Enter, or press ? or * to list all spells.
You don't know that spell.
Casting: Magic Dart (safe; 8% risk of failure)
Confirm with . or Enter, or press ? or * to list all spells.
Okay, then.
Casting: Magic Dart (safe; 8% risk of failure)
Confirm with . or Enter, or press ? or * to list all spells.
You don't know that spell.
Sorry, you're not good enough to have a special ability.
Casting: Magic Dart (safe; 8% risk of failure)
Confirm with . or Enter, or press ? or * to list all spells.
Aiming: Magic Dart (safe; 8% risk of failure)
Press: ? - help, Shift-Dir - straight line, f - gnoll
Aim: a gnoll, wielding a +0 spear (100% to hit)
The magic dart hits the gnoll.
The gnoll is moderately wounded.
The goblin shoots a sling bullet.
The sling bullet hits you.
* * * LOW HITPOINT WARNING * * *
Your crimson imp completely misses the goblin.
The goblin shoots a sling bullet.
The sling bullet hits you.
You die...

##.....## ##.#
##.......## ####..#
#.........# #....##
#.........# #.####
#.........# #.#####
#.>....g..###......
#........g.ggg.####
#.).....5g###.#####
#.@....)..###......
#....)....>...###
#.........###.#
#.........# #...
##.....[.## #####
#.####.....########..
#....................
##################..#


You could see 2 gnolls, a goblin (ally target) and a friendly crimson imp
(summoned).

Vanquished Creatures
  A gnoll (D:2)
  4 endoplasms (D:1)
  A giant cockroach (D:1)
  2 goblins (D:1)
  A kobold (D:2)
  4 ball pythons (D:1)
  A bat (D:1)
  4 rats
18 creatures vanquished.

Vanquished Creatures (collateral kills)
  A kobold (D:2)
1 creature vanquished.

Vanquished Creatures (others)
  A fungus (D:1)
  A plant (D:1)
2 creatures vanquished.

Grand Total: 21 creatures vanquished

Notes
Turn   | Place    | Note
-------+----------+-------------------------------------------
     0 | D:1      | promet the Deep Elf Hedge Wizard began the quest for the
                  | Orb.
     0 | D:1      | Reached XP level 1. HP: 10/10 MP: 7/7
   344 | D:1      | Reached XP level 2. HP: 16/16 MP: 5/9
   349 | D:1      | Learned a level 2 spell: Blink
   352 | D:1      | Learned a level 2 spell: Call Imp
   498 | D:1      | Found a faded altar of an unknown god.
  1072 | D:2      | Reached skill level 1 in Fighting
  1072 | D:2      | Reached skill level 5 in Spellcasting
  1073 | D:2      | Shot with a sling bullet by a goblin

Illustrated notes

Levels and vault maps discovered:
D:1:      noname_arrival_rooms_in_the_neighbourhood, layout_rooms,
          shapermc_ecumenical_altar_mp_urbaneastern
D:2:      layout_rooms, st_stairs_11, chequers_serial_rivers_room_a

Skill      XL: |  1  2 |
---------------+-------+-----
Fighting       | 1 |  1.0
Spellcasting   | 5 |  5.0
Short Blades   | |  0.4
Dodging        | |  2.5
Stealth        | |  2.8
Conjurations   | |  1.2
Summonings     | |  1.1
Translocations | |  1.1

Action                   || total
-------------------------++-------
Melee: Dagger            ||    18
       Punch             ||     1
 Cast: Magic Dart        ||    36
       Call Imp          ||     3
  Use: Scroll            ||     4
 Stab: Sleeping          ||     1
Armor: Robe              ||    10
Dodge: Dodged            ||    14
